Match 42624541
Unlisted

Match 42624541
End
Kettenkrad Recon Vehicle
Construct Infanterie Kompanie
Selects Terror Battlegroup
Selects Machine Gun Camouflage
MG 42 Machine Gun Team
Grenadier Squad
MG 42 Machine Gun Team
Medical Bunker
Construct Luftwaffe Kompanie
Jäger Squad
Selects Interrogate
Support Elements
Jäger Squad
Wirbelwind Flakpanzer
Grenadier Squad
Marder III M Tank Destroyer
Construct Panzergrenadier Kompanie
Nebelwerfer 42 Rocket Launcher Team
Selects Propaganda Leaflet Drop
Jäger Squad
Propaganda Leaflet Drop
MG 42 Machine Gun Team
Jäger Squad
Propaganda Leaflet Drop
Construct Panzer Kompanie
Kettenkrad Recon Vehicle
Selects V1 Rocket Strike
Panzer IV Medium Tank
Propaganda Leaflet Drop
Side Skirts
V1 Rocket Strike
Pioneer Squad
Propaganda Leaflet Drop
Panzer IV Medium Tank
Selects Defend the Fatherland
Panzer Officer Quarters
Propaganda Leaflet Drop
Propaganda Leaflet Drop
Selects King Tiger Heavy Tank
King Tiger Heavy Tank
Kin0z
fabzepps
Stan
CosmeFulanito
Cylar
JVM
0
0

Comments sign in to comment!

No comments posted yet!